 Dungeon Crawl Stone Soup version 0.29-a0-194-g6e3aafee17 (webtiles) character file.

Game seed: 10051326237155505800

142802 Zeldest the Convoker (level 16, -4/124 HPs)
             Began as a Mummy Summoner on Feb 21, 2022.
             Was the Champion of Fedhas.
             Slain by a merfolk impaler
             ... wielding a +1 vampiric trident
              (19 damage)
             ... on level 4 of the Shoals on Feb 22, 2022.
             The game lasted 02:44:02 (41801 turns).

Zeldest the Convoker (Mummy Summoner)              Turns: 41801, Time: 02:44:02

Health: -4/124     AC: 16    Str: 15    XL:     16   Next: 81%
Magic:  4/26       EV: 11    Int: 24    God:    Fedhas [******]
Gold:   2336       SH: 10    Dex: 13    Spells: 1/29 levels left

rFire   + . .      SeeInvis +   B - +8 demon trident (freeze)
rCold   + + .      Faith    .   s - +3 buckler of Infinity {rElec rF+ Will+ Str+3}
rNeg    + + +      Spirit   .   d - +2 steam dragon scales
rPois   ∞          Reflect  .   Z - +2 helmet {SInv}
rElec   +          Harm     .   n - +2 cloak
rCorr   .          Rampage  .   H - +1 pair of gloves
Will    +++..                   E - +0 pair of boots
Stlth   +++.......              g - amulet of magic regeneration
HPRegen 0.30/turn               k - ring "Imotzoa" {Wiz +Blink rC++ Will- Stlth+}
MPRegen 0.60/turn               U - ring "Megadghas" {Fire Will+ Int+3 Slay+3}

@: studying Shields
A: cold resistance 1, negative energy resistance 3, torment resistance 2, heat
vulnerability 1, in touch with death 1, no potions
a: Renounce Religion, Evoke Blink, Wall of Briars, Grow Ballistomycete,
Overgrow, Grow Oklob


You were on level 4 of the Shoals.
You worshipped Fedhas.
Fedhas was exalted by your worship.
You visited 5 branches of the dungeon, and saw 28 of its levels.
You also visited: Gauntlet.

You collected 3813 gold pieces.
You spent 1477 gold pieces at shops.

Inventory:

Hand Weapons
 B - a +8 demon trident of freezing (weapon)
Missiles
 q - 2 throwing nets
 O - 6 curare-tipped darts
Armour
 d - +2 steam dragon scales (worn)
 n - a +2 cloak (worn)
 s - the +3 buckler of Infinity (worn) {rElec rF+ Will+ Str+3}
   (You bought it in a shop on level 2 of the Orcish Mines)

   Str:       It affects your strength (+3).
   rF:        It protects you from fire.
   rElec:     It insulates you from electricity.
   Will:      It increases your willpower.
 E - a +0 pair of boots (worn)
 H - a +1 pair of gloves (worn)
 I - a +0 kite shield
 N - +0 fire dragon scales
 S - the +0 hat of Hairiness {rElec rC- Regen+ Str+6}
   (You found it in a Gauntlet)

   Str:       It affects your strength (+6).
   rC:        It makes you vulnerable to cold.
   rElec:     It insulates you from electricity.
   Regen:     It increases your rate of health regeneration.
 Z - a +2 helmet of see invisible (worn)
Jewellery
 g - an amulet of magic regeneration (around neck)
 j - a ring of protection from fire
 k - the ring "Imotzoa" (left hand) {Wiz +Blink rC++ Will- Stlth+}
   (You acquired it on level 12 of the Dungeon)

   [ring of wizardry]

   It improves your spell success rate.
   rC:        It greatly protects you from cold.
   +Blink:    It lets you blink.
   Will:      It decreases your willpower.
   Stlth:     It makes you more stealthy.
 l - a ring of fire
 p - the ring of Orufysm {Will++ Dex+6 SInv}
   (You found it in a Gauntlet)

   [ring of dexterity]

   Dex:       It affects your dexterity (+6).
   SInv:      It lets you see invisible.
   Will:      It greatly increases your willpower.
 y - a ring of resist corrosion
 A - a ring of ice
 F - a ring of flight
 Q - a +4 ring of protection
 R - the ring "Teseatz" {+Blink Will++ Str+6 Dex-5}
   (You found it in a Gauntlet)

   [ring of strength]

   Str:       It affects your strength (+6).
   Dex:       It affects your dexterity (-5).
   +Blink:    It lets you blink.
   Will:      It greatly increases your willpower.
 U - the ring "Megadghas" (right hand) {Fire Will+ Int+3 Slay+3}
   (You found it in a Gauntlet)

   [ring of fire]

   It enhances your fire magic.
   Int:       It affects your intelligence (+3).
   Slay:      It affects your accuracy & damage with ranged weapons and melee
   (+3).
   rF:        It protects you from fire.
   rC:        It makes you vulnerable to cold.
   Will:      It increases your willpower.
 W - the ring "Oneys" {rPois AC+4 Str+4}
   (You took it off a minotaur in a Gauntlet)

   [ring of protection]

   AC:        It affects your AC (+4).
   Str:       It affects your strength (+4).
   rPois:     It protects you from poison.
Wands
 o - a wand of polymorph (5)
 v - a wand of flame (19)
 w - a wand of digging (6)
 z - a wand of iceblast (6)
 D - a wand of charming (7)
Scrolls
 a - 6 scrolls of teleportation
 b - 5 scrolls of blinking
 h - 6 scrolls of vulnerability
 i - 3 scrolls of silence
 m - 3 scrolls of enchant armour
 r - a scroll of holy word
 t - 3 scrolls of noise
 u - 7 scrolls of amnesia
 x - 3 scrolls of fear
 J - 2 scrolls of immolation
Miscellaneous
 C - a lightning rod (4/4)
 G - a box of beasts
 T - a condenser vane (inert)


   Skills:
 - Level 10.9 Fighting
 - Level 4.2 Short Blades
 + Level 3.2 Polearms
 - Level 1.5 Dodging
 - Level 1.5 Stealth
 + Level 11.4 Shields
 - Level 7.3 Spellcasting
 - Level 6.1 Hexes
 + Level 15.3 Summonings
 - Level 8.7 Translocations
 - Level 3.0 Ice Magic
 + Level 13.0 Invocations


You had one spell level left.
You knew the following spells:

 Your Spells              Type           Power      Damage    Failure   Level
a - Call Imp              Summ           70%        N/A       0%          2
b - Call Canine Familiar  Summ           70%        N/A       1%          3
c - Summon Mana Viper     Hex/Summ       57%        N/A       1%          5
d - Monstrous Menagerie   Summ           35%        N/A       5%          7
e - Malign Gateway        Summ/Tloc      30%        N/A       21%         7
f - Summon Ice Beast      Ice/Summ       51%        N/A       1%          4

Your spell library contained the following spells:

 Spells                   Type           Power      Damage    Failure   Level
 Summon Small Mammal      Summ           100%       N/A       0%          1
 Magic Dart               Conj           32%        1d4       3%          1
 Shock                    Conj/Air       32%        1d5       3%          1
 Sting                    Tmut/Pois      32%        1d4       3%          1
 Confusing Touch          Hex            38%        N/A       1%          3
 Gell's Gravitas          Tloc           50%        N/A       1%          3
 Lesser Beckoning         Tloc           50%        N/A       1%          3
 Portal Projectile        Hex/Tloc       88%        N/A       1%          3
 Summon Guardian Golem    Hex/Summ       57%        N/A       1%          3
 Teleport Other           Tloc           50%        N/A       1%          3
 Tukima's Dance           Hex            38%        N/A       1%          3
 Passage of Golubria      Tloc           50%        N/A       1%          4
 Summon Lightning Spire   Summ/Air       45%        N/A       1%          4
 Ozocubu's Armour         Ice            23%        N/A       3%          3
 Poisonous Vapours        Pois/Air       16%        N/A       5%          2
 Searing Ray              Conj           16%        2d5       5%          2
 Fulminant Prism          Conj/Hex       11%        3d9       10%         4
 Leda's Liquefaction      Hex/Erth       11%        N/A       10%         4
 Mephitic Cloud           Conj/Pois/Air  8%         N/A       11%         3
 Swiftness                Air            8%         N/A       11%         3
 Metabolic Englaciation   Hex/Ice        15%        N/A       14%         5
 Dispersal                Tloc           25%        N/A       14%         6
 Yara's Violent Unravell  Hex/Tmut       11%        3d6       26%         5
 Airstrike                Air            4%         N/A       32%         4
 Olgreb's Toxic Radiance  Pois           8%         N/A       32%         4
 Summon Horrible Things   Summ           35%        N/A       38%         8
 Irradiate                Conj/Tmut      4%         3d15      65%         5
 Enfeeble                 Hex            19%        N/A       89%         7
 Simulacrum               Ice/Necr       11%        N/A       93%         6
 Ozocubu's Refrigeration  Ice            11%        4d7       100%        7
 Blade Hands              Tmut           Unusable   N/A       N/A         5
 Dragon Form              Tmut           Unusable   N/A       N/A         7

Dungeon Overview and Level Annotations

Branches:
Dungeon (15/15)            Temple (1/1) D:5            Lair (6/6) D:11
 Shoals (4/4) Lair:4       Spider (0/4) Lair:3        Slime (0/5) Lair:6
    Orc (2/2) D:9             Elf (0/3) Orc:2        Vaults (0/5) D:14
 Depths (0/4) D:15        Gauntlet (visited)

Altars:
Ashenzari
Cheibriados
Dithmenos
Elyvilon
Fedhas
Gozag
Hepliaklqana
Kikubaaqudgha
Makhleb
Nemelex Xobeh
Okawaru
Qazlal
Ru
Sif Muna
Trog
Uskayaw
Vehumet
Wu Jian
Xom
Yredelemnul
Zin
The Shining One
Beogh
Jiyva

Shops:
Orc:2 :??[

Portals:
Abyss: Lair:4

Annotations:
Lair:4 2 transporters, Naugein's ghost, journeyman MiHu


Innate Abilities, Weirdness & Mutations

You are immune to poison.
Your flesh is cold resistant. (rC+)
You are immune to negative energy. (rN+++)
You are immune to unholy pain and torment.
You are vulnerable to heat. (rF-)
You are in touch with the powers of death.
You do not drink.


Message History

Your mana viper struggles against the net.
The net rips apart, and your mana viper comes free!
The harpy claws your mana viper. The harpy claws your mana viper!
Your warg bites the merfolk!
The merfolk hits you with a +5 glaive! You block the merfolk impaler's attack.
The merfolk hits you from afar with a +0 trident.
The satyr plays a frightful melody on his pipes!
The satyr radiates an aura of fear!
You are unaffected.
Your mana viper resists with almost no effort.
Your manticore looks frightened!
Your mana viper barely misses the merfolk.
The merfolk hits you from afar with a +2 vorpal halberd!
* * * LOW HITPOINT WARNING * * *
Your manticore bites the merfolk!!
Your manticore claws the merfolk.
Your manticore barely misses the merfolk.
You block the merfolk impaler's attack.
The merfolk hits you but does no damage.
The harpy claws your mana viper. x2; The harpy barely misses you.
The harpy claws you!
* * * LOW HITPOINT WARNING * * *
The harpy closely misses your mana viper. x2
Your warg bites the snapping turtle.
You block the merfolk's attack. The harpy barely misses your manticore.
The harpy claws your manticore but does no damage.
The merfolk hits you from afar with a +0 trident.
* * * LOW HITPOINT WARNING * * *
The snapping turtle bites your warg!
The snapping turtle's attack snaps your warg out of its fear.
Your mana viper bites the harpy!
You block the merfolk impaler's attack. The harpy misses your mana viper.
The harpy claws your mana viper.
The merfolk hits you but does no damage.
Your manticore barely misses the merfolk.
Your manticore claws the merfolk!
Your manticore claws the merfolk but does no damage.
Your warg bites the snapping turtle.
The merfolk hits you from afar with a +2 vorpal halberd!
* * * LOW HITPOINT WARNING * * *
x2 The merfolk impaler hits you from afar with a +1 vampiric trident!!
You die...
Fedhas appreciates your contribution to the ecosystem.

#≈≈≈ #≈..
#... ... ≈.
m## ≈
#)###...≈
#@HhtH..≈
#mmHSm.....
###mH......


HH....... ..≈.^.... ..m≈≈..... .≈≈≈≈...Y. ..≈P≈P..... You could see a merfolk
impaler, a snapping turtle (ally target), 4 merfolk, a manticore, a water nymph,
4 harpies, a friendly manticore (summoned, fleeing), a friendly mana viper
(summoned), a friendly warg (summoned) and a friendly ice beast (summoned,
fleeing).

Vanquished Creatures
  Rupert (Lair:4)
  A dire elephant (Gauntlet)
  A merfolk javelineer (Shoals:3)
  A vault guard (D:14)
  A hydra (Lair:3)
  Fannar (D:10)
  An alligator snapping turtle (Shoals:3)
  2 centaur warriors
  A deep elf knight (D:14)
  3 harpies
  A manticore (Shoals:3)
  An orc sorcerer (Orc:2)
  A cyclops (D:11)
  An ugly thing (D:14)
  A black mamba (Lair:1)
  A merfolk siren (Shoals:2)
  Maurice (D:12)
  A cane toad (Lair:3)
  Psyche (D:10)
  A yaktaur (shapeshifter) (D:13)
  A rime drake (Lair:6)
  A komodo dragon (Lair:5)
  An ice devil (Gauntlet)
  A troll (D:12)
  A meliai (Gauntlet)
  2 polar bears (Lair:6)
  A blink frog (Lair:1)
  4 merfolk
  A raiju (Lair:6)
  2 slime creatures (D:14)
  A yak (shapeshifter) (D:11)
  2 wraiths
  A wyvern (D:7)
  7 yaks
  4 water elementals
  3 basilisks
  A warg (Lair:5)
  2 hell hounds (Lair:6)
  An ice beast (D:6)
  A swamp drake (Lair:6)
  2 orc warriors
  2 necrophages
  3 black bears (Lair:6)
  A hornet zombie (D:8)
  An ogre (D:5)
  A phantom (D:6)
  A lemure (D:8)
  11 wolves
  5 centaurs
  3 kobold brigands
  7 bullfrogs
  3 scorpions
  A wyvern skeleton (D:7)
  5 killer bees
  3 wights (D:6)
  3 howler monkeys
  10 electric eels
  2 hounds
  2 jellies
  A bullfrog skeleton (D:6)
  A bullfrog zombie (D:5)
  8 orc priests
  2 centaur zombies
  A gnoll shaman (D:6)
  Jessica (D:3)
  4 iguanas
  4 orc wizards
  A killer bee zombie (D:5)
  12 nameless horrors
  2 gnolls (D:6)
  A howler monkey skeleton (D:6)
  2 adders (D:6)
  3 white imps
  2 ufetubi
  23 orcs
  3 ball pythons
  9 endoplasms
  5 giant cockroaches
  3 goblins
  5 hobgoblins
  2 jackals (D:1)
  A quokka (D:3)
  5 bats
  5 kobolds
  2 rats
  A ballistomycete spore (D:10)
236 creatures vanquished.

Vanquished Creatures (collateral kills)
  Nikola (Shoals:2)
  Ilsuiw (Shoals:2)
  Louise (Shoals:2)
  A dire elephant (D:15)
  The ghost of ZeroWinrate the Fighter, a journeyman GnWn of Gozag (D:12)
  A minotaur (Gauntlet)
  A blizzard demon (Gauntlet)
  Josephine (D:15)
  Snorg (Orc:2)
  A merfolk impaler (Shoals:1)
  A green death (Gauntlet)
  A fire dragon (Lair:6)
  Erolcha (D:10)
  3 boulder beetles
  4 vault guards (D:14)
  13 hydras
  4 centaur warriors
  A merfolk avatar (Shoals:3)
  An ice dragon (D:15)
  3 ogre magi (Orc:2)
  Erica (D:8)
  9 two-headed ogres
  A satyr (Shoals:2)
  2 merfolk aquamancers
  2 alligator snapping turtles (Shoals:2)
  2 tengu warriors
  A death scarab (Gauntlet)
  6 death yaks (Lair:6)
  An orc high priest (Orc:2)
  A fire crab (shapeshifter) (D:15)
  3 sea snakes
  A swamp dragon (Lair:6)
  A deep elf archer (D:14)
  9 harpies
  Pikel (D:8)
  2 orc knights
  A wizard (D:14)
  9 orc sorcerers
  7 cyclopes
  13 ugly things
  A salamander (shapeshifter) (D:15)
  10 slime creatures
  4 fauns (Shoals:2)
  A wolf spider (D:15)
  6 merfolk sirens
  2 elephants (Gauntlet)
  8 manticores
  5 black mambas
  An eye of devastation (Gauntlet)
  2 water nymphs (Shoals:3)
  Maggie (D:6)
  10 cane toads
  A cane toad (shapeshifter) (D:13)
  An unseen horror (D:12)
  4 torpor snails
  A yaktaur (D:14)
  A tengu conjurer (D:14)
  9 komodo dragons
  4 rime drakes
  An ice devil (Gauntlet)
  4 trolls
  10 polar bears
  A wolf spider simulacrum (D:15)
  5 meliai
  9 merfolk
  4 raiju (Lair:6)
  Prince Ribbit (D:6)
  2 wind drakes
  17 blink frogs
  4 snapping turtles
  8 dream sheep
  A culicivora (Lair:3)
  3 water elementals
  6 wraiths
  Sigmund (D:6)
  12 basilisks
  A spectral komodo dragon (Gauntlet)
  2 wyverns
  A steam dragon (Lair:6)
  32 yaks
  Grum (D:11)
  2 vampires
  A golden eye (Gauntlet)
  3 vampire mosquitoes (D:13)
  6 wargs
  2 acid dragons
  10 hell hounds
  13 water moccasins
  A floating eye (Gauntlet)
  A swamp drake (Lair:6)
  2 sky beasts
  10 black bears
  An ice beast (D:7)
  19 orc warriors
  35 wolves
  9 ogres
  8 centaurs
  6 bullfrogs
  A gnoll sergeant (D:9)
  A scorpion (D:7)
  A water moccasin zombie (D:5)
  A wyvern skeleton (D:6)
  4 killer bees
  3 jellies
  A wight (D:6)
  2 electric eels (Lair:6)
  2 howler monkeys
  6 centaur zombies
  2 hounds
  13 orc priests
  A centaur skeleton (D:7)
  3 iguanas
  32 orc wizards
  A killer bee zombie (D:8)
  4 nameless horrors
  A hound skeleton (D:5)
  6 gnolls
  An adder (D:2)
  A shadow imp (D:4)
  2 white imps
  55 orcs
  A ball python (D:1)
  3 endoplasms (Lair:6)
  A giant cockroach (D:1)
  2 goblins (D:1)
  4 jackals (D:1)
  14 kobolds
  2 quokkas (D:1)
  A frilled lizard (D:1)
  12 ballistomycete spores
626 creatures vanquished.

Vanquished Creatures (others)
  An oklob plant (Lair:6)
  A rime drake (Lair:3)
  A water moccasin (Lair:6)
  A ballistomycete spore (Lair:4)
  33 fungi
  152 plants
  4 withered plants (Gauntlet)
193 creatures vanquished.

Grand Total: 1055 creatures vanquished

Notes
Turn   | Place    | Note
-------+----------+-------------------------------------------
     0 | D:1      | Zeldest the Mummy Summoner began the quest for the Orb.
     0 | D:1      | Reached XP level 1. HP: 13/13 MP: 4/4
   325 | D:1      | Found a faded altar of an unknown god.
   347 | D:1      | Reached XP level 2. HP: 15/20 MP: 3/6
   446 | D:1      | You fall into a shaft and drop 1 floor!
   461 | D:2      | Learned a level 2 spell: Call Imp
   533 | D:1      | Reached skill level 1 in Fighting
   781 | D:1      | Reached XP level 3. HP: 3/26 MP: 3/7
   782 | D:1      | HP: 1/26 [jackal (2)]
  2327 | D:3      | Noticed Jessica
  2334 | D:3      | Killed Jessica
  2335 | D:3      | Reached XP level 4. HP: 14/33 MP: 10/10
  2846 | D:3      | Reached skill level 4 in Summonings
  2846 | D:3      | Reached XP level 5. HP: 39/39 MP: 8/11
  3400 | D:4      | Noticed a necrophage
  3409 | D:4      | Killed a necrophage
  3471 | D:4      | Reached skill level 5 in Spellcasting
  3471 | D:4      | Reached XP level 6. HP: 36/47 MP: 11/13
  3690 | D:4      | Learned a level 3 spell: Call Canine Familiar
  4176 | D:4      | Found a hazy altar of Hepliaklqana.
  4199 | D:5      | Entered Level 5 of the Dungeon
  4586 | D:5      | Reached skill level 1 in Short Blades
  4586 | D:5      | Reached skill level 1 in Ice Magic
  4586 | D:5      | Reached XP level 7. HP: 53/53 MP: 11/15
  4881 | D:5      | Reached skill level 5 in Summonings
  5115 | D:5      | Found a staircase to the Ecumenical Temple.
  5125 | Temple   | Entered the Ecumenical Temple
  5445 | Temple   | Became a worshipper of Fedhas Madash
  5541 | D:5      | Learned a level 4 spell: Summon Ice Beast
  5778 | D:6      | Reached XP level 8. HP: 40/61 MP: 10/16
  5901 | D:6      | Reached skill level 1 in Invocations
  6049 | D:6      | Reached skill level 5 in Fighting
  6687 | D:6      | Reached * piety under Fedhas
  6832 | D:6      | Reached skill level 6 in Summonings
  6832 | D:6      | Reached skill level 1 in Translocations
  6997 | D:6      | Reached XP level 9. HP: 46/69 MP: 11/17
  7142 | D:6      | Noticed Sigmund
  7161 | D:6      | Killed Sigmund
  7578 | D:6      | Noticed Maggie
  7582 | D:6      | Noticed Prince Ribbit
  7931 | D:7      | Noticed a two-headed ogre
  7973 | D:6      | Killed Prince Ribbit
  8287 | D:6      | Killed Maggie
  8654 | D:7      | Reached skill level 7 in Summonings
  8850 | D:7      | Killed a two-headed ogre
  8851 | D:7      | Reached XP level 10. HP: 77/77 MP: 9/18
  9043 | D:8      | Noticed Erica
  9046 | D:8      | Reached ** piety under Fedhas
  9347 | D:8      | Killed Erica
  9348 | D:8      | Reached skill level 8 in Summonings
  9767 | D:8      | Noticed a two-headed ogre
  9816 | D:8      | Killed a two-headed ogre
  9957 | D:8      | Noticed a two-headed ogre
  9971 | D:8      | Killed a two-headed ogre
  9972 | D:8      | Reached skill level 5 in Invocations
 10232 | D:8      | Noticed Pikel
 10260 | D:8      | Killed Pikel
 10464 | D:9      | Reached *** piety under Fedhas
 11070 | D:9      | Reached skill level 1 in Hexes
 11070 | D:9      | Reached skill level 9 in Summonings
 11073 | D:9      | Reached XP level 11. HP: 69/86 MP: 14/19
 11340 | D:9      | Found a staircase to the Orcish Mines.
 11487 | D:9      | Found a stormy altar of Qazlal.
 11652 | D:9      | Reached **** piety under Fedhas
 11937 | D:9      | Learned a level 5 spell: Summon Mana Viper
 11972 | D:10     | Entered Level 10 of the Dungeon
 11986 | D:10     | Noticed Psyche
 12003 | D:10     | Killed Psyche
 12042 | D:10     | Noticed Fannar
 12397 | D:11     | Noticed a two-headed ogre
 12408 | D:11     | Killed a two-headed ogre
 12483 | D:10     | Killed Fannar
 12656 | D:10     | Noticed Erolcha
 12670 | D:10     | Killed Erolcha
 12671 | D:10     | Reached skill level 10 in Summonings
 13289 | D:11     | Found a staircase to the Lair.
 13386 | D:11     | Noticed Grum
 13396 | D:11     | Killed Grum
 13651 | D:11     | Reached XP level 12. HP: 95/95 MP: 11/20
 13711 | D:11     | Noticed a two-headed ogre
 14142 | Lair:1   | Entered Level 1 of the Lair of Beasts
 14677 | Lair:1   | Reached skill level 11 in Summonings
 14691 | Lair:1   | Reached skill level 5 in Hexes
 15107 | Lair:2   | Noticed a four-headed hydra
 15116 | Lair:2   | Killed a four-headed hydra
 15279 | Lair:2   | Reached ***** piety under Fedhas
 15341 | Lair:2   | Reached skill level 10 in Fighting
 15398 | Lair:2   | Noticed a four-headed hydra
 15411 | Lair:2   | Killed a four-headed hydra
 16278 | Lair:3   | Noticed a five-headed hydra
 16284 | Lair:3   | Killed a five-headed hydra
 16311 | Lair:3   | Noticed a catoblepas
 16713 | Lair:3   | Gained mutation: You are in touch with the powers of death.
                  | [Mummy growth]
 16713 | Lair:3   | Reached XP level 13. HP: 103/103 MP: 10/21
 16804 | Lair:3   | Found a hole to the Spider Nest.
 17110 | Lair:3   | Reached skill level 12 in Summonings
 17213 | Lair:3   | Learned a level 4 spell: Summon Lightning Spire
 17762 | Lair:3   | Reached skill level 1 in Shields
 17769 | Lair:3   | Identified the ring "Ycuetog" {Fire rPois rCorr Str-2
                  | Slay-2}
 18113 | Lair:4   | Noticed Rupert
 18251 | Lair:4   | Noticed Naugein's ghost (journeyman MiHu)
 18605 | Lair:4   | Killed Rupert
 18688 | Lair:4   | Identified the +8 chain mail of Cheibriados's Regard {Int+3
                  | Dex+4}
 18800 | Lair:4   | Found a one-way gate to the infinite horrors of the Abyss.
 19070 | Lair:4   | Found a staircase to the Shoals.
 19501 | Lair:4   | Found a transporter.
 19502 | Lair:4   | Found a transporter.
 20113 | Lair:5   | Learned a level 7 spell: Monstrous Menagerie
 20903 | Lair:6   | Entered Level 6 of the Lair of Beasts
 20915 | Lair:5   | Reached skill level 13 in Summonings
 21322 | Lair:6   | Reached XP level 14. HP: 69/111 MP: 8/24
 21462 | Lair:6   | Reached skill level 5 in Translocations
 22259 | Lair:6   | Reached ****** piety under Fedhas
 22364 | Lair:6   | Identified a scroll of acquirement
 22365 | Lair:6   | Acquired 1029 gold pieces
 22807 | Lair:6   | Reached skill level 10 in Invocations
 23816 | Lair:6   | Reached skill level 5 in Shields
 25390 | Lair:6   | Found a runed translucent door.
 25392 | Lair:6   | Found a viscous altar of Jiyva.
 25411 | Lair:6   | Found a staircase to the Slime Pits.
 25728 | Orc:1    | Entered Level 1 of the Orcish Mines
 25919 | Orc:1    | You fall into a shaft and drop 1 floor!
 25919 | Orc:2    | Entered Level 2 of the Orcish Mines
 26056 | Orc:2    | Found a staircase to the Elven Halls.
 26644 | Orc:2    | Noticed Snorg
 26653 | Orc:2    | Killed Snorg
 27835 | Orc:2    | Found Lussiun's Book Shop.
 27844 | Orc:2    | Reached XP level 15. HP: 117/117 MP: 20/25
 27851 | Orc:2    | Bought a manual of Shields for 1040 gold pieces
 27869 | Orc:2    | Found Uffu's Magic Scroll Boutique.
 27877 | Orc:2    | Bought a scroll of blinking for 90 gold pieces
 27877 | Orc:2    | Bought a scroll of teleportation for 36 gold pieces
 27877 | Orc:2    | Bought a scroll of teleportation for 36 gold pieces
 27891 | Orc:2    | Found a radiant altar of Vehumet.
 28051 | Orc:2    | Reached skill level 14 in Summonings
 28053 | Orc:2    | Found an ancient bone altar of Kikubaaqudgha.
 28098 | Orc:2    | Found Qoniqap's Antique Armour Shop.
 28122 | Orc:2    | Found Qout's Magic Scroll Boutique.
 28170 | Orc:2    | Bought a brightly glowing buckler for 275 gold pieces
 28170 | Orc:2    | Identified the +3 buckler of Infinity {rElec rF+ Will+
                  | Str+3} (You bought it in a shop on level 2 of the Orcish
                  | Mines)
 28527 | D:12     | Found a runed translucent gate.
 28527 | D:12     | Found a runed translucent gate.
 28527 | D:12     | Found a runed translucent gate.
 28527 | D:12     | Noticed ZeroWinrate's ghost (journeyman GnWn)
 28529 | D:12     | Found a basalt altar of Yredelemnul.
 30016 | D:12     | Killed ZeroWinrate's ghost
 30024 | D:12     | Acquired the ring "Imotzoa" {Wiz +Blink rC++ Will- Stlth+}
 30059 | D:13     | Noticed Maurice
 30073 | D:12     | Killed Maurice
 32079 | D:14     | Found a gate leading to a gauntlet.
 32092 | Gauntlet | Entered a Gauntlet
 32092 | Gauntlet | Found a transporter.
 32101 | Gauntlet | Found a transporter.
 32102 | Gauntlet | Found a transporter.
 32117 | Gauntlet | Found a transporter.
 32123 | Gauntlet | Found a transporter.
 32129 | Gauntlet | Found a transporter.
 32144 | Gauntlet | Found a transporter.
 32155 | Gauntlet | Found a transporter.
 32166 | Gauntlet | Found a transporter.
 32180 | Gauntlet | Found a transporter.
 32195 | Gauntlet | Found a transporter.
 32195 | Gauntlet | Found a transporter.
 32235 | Gauntlet | Found a transporter.
 32249 | Gauntlet | Found a transporter.
 32446 | Gauntlet | Identified the ring of Orufysm {Will++ Dex+6 SInv}
 32737 | Gauntlet | Identified the ring "Teseatz" {+Blink Will++ Str+6 Dex-5}
 32827 | Gauntlet | Identified the +0 hat of Hairiness {rElec rC- Regen+ Str+6}
 33155 | Gauntlet | Identified the ring "Megadghas" {Fire Will+ Int+3 Slay+3}
 33254 | Gauntlet | Identified the ring "Tejok" {rN+ Str+4 Int+2}
 33268 | Gauntlet | Identified the +5 war axe of Indomitability {vorpal, rC+
                  | Will+ Dex+4}
 33268 | Gauntlet | Identified the ring "Oneys" {rPois AC+4 Str+4}
 33302 | Gauntlet | Identified the +3 rapier of Perversion {antimagic, rPois
                  | Str+3 Int+4}
 33308 | Gauntlet | Identified the +2 leather armour of Bamycw {rF+ rCorr}
 33924 | D:14     | Found an ancient bone altar of Kikubaaqudgha.
 35192 | D:14     | Found a gate to the Vaults.
 35923 | D:15     | Entered Level 15 of the Dungeon
 36092 | D:15     | Noticed Josephine
 36136 | D:15     | Killed Josephine
 36209 | D:15     | Reached XP level 16. HP: 77/124 MP: 10/26
 37510 | D:15     | Found a staircase to the Depths.
 37907 | Shoals:1 | Entered Level 1 of the Shoals
 37953 | Shoals:1 | Reached skill level 10 in Shields
 38977 | Lair:4   | Acquired the Handbook of Displacement and Ice
 39640 | Shoals:2 | Reached skill level 15 in Summonings
 39740 | Shoals:2 | Noticed Nikola
 39801 | Shoals:2 | Killed Nikola
 39802 | Shoals:2 | Reached skill level 1 in Polearms
 40132 | Shoals:2 | Noticed Ilsuiw
 40149 | Shoals:2 | Killed Ilsuiw
 40866 | Shoals:2 | Noticed Louise
 40873 | Shoals:2 | Upgraded the game from 0.29-a0-187-ga23d9638d5 to
                  | 0.29-a0-194-g6e3aafee17
 40878 | Shoals:2 | Killed Louise
 41341 | Shoals:3 | Learned a level 7 spell: Malign Gateway
 41794 | Shoals:4 | Entered Level 4 of the Shoals
 41801 | Shoals:4 | Slain by a merfolk impaler

Illustrated notes

Levels and vault maps discovered:
D:1:      dpeg_arrival_arbitrary_c, layout_basic,
          dreamdust_ecumenical_altar_statues
D:2:      layout_rooms
D:3:      layout_basic, uniq_jessica
D:4:      layout_cave_pods, kennysheep_little_box, minivault_5,
          minmay_misc_feat_more_columns
D:5:      layout_gridville, minmay_temple_entry_ruins
D:6:      layout_loops_corners, minmay_fountain_box, minmay_increasing_density,
          uniq_maggie, uniq_prince_ribbit1, uniq_sigmund
D:7:      layout_rooms
D:8:      layout_loops_ring, uniq_erica, uniq_pikel
D:9:      layout_cave_pools, nicolae_qazlal_style_of_elements, david_orc_2
D:10:     layout_basic, uniq_erolcha, uniq_fannar, uniq_psyche
D:11:     layout_roguey, dpeg_oklobed_lair, minmay_between, uniq_grum
D:12:     layout_roguey, nicolae_yredelemnul_ghost_church
D:13:     layout_basic, hangedman_decor_points, bh_walls_and_bars, uniq_maurice
D:14:     layout_basic, grunt_vaults_entry_fortified, gauntlet_entry_generic,
          lemuel_coloured_pillars_altar
D:15:     hangedman_depths_entry_try_elsewhere_first, layout_irregular_city,
          chequers_serial_rivers_marsh, serial_bayou_crossing, uniq_josephine
Temple:   mainiacjoe_temple_cubbyholes
Lair:1:   layout_cave_shapes
Lair:2:   layout_cave_shapes, hibernation_bobbens, grunt_megastairs_2
Lair:3:   nzn_winding_woodlands_cross [nzn_winding_woodlands_5x15_jagged,
          nzn_winding_woodlands_5x15_garden,
          nzn_winding_woodlands_5x15_lazy_stream,
          nzn_winding_woodlands_5x15_longhouse,
          nzn_winding_woodlands_15x15_boxy_spiral], layout_big_grid,
          spider_nest_entry_rubble
Lair:4:   layout_loops_ring, minmay_shoals_entry_lonely_mermaid,
          gammafunk_ghost_abyssal_escape, chequers_serial_rivers_large_b,
          kennysheep_basilisk_garden, uniq_rupert
Lair:5:   layout_gridlike, serial_bayou_shore_b, infiniplex_staircase_pool_2
Lair:6:   guppyfry_lair_end_dragon, layout_small_grid,
          hangedman_lair_caniforms_friends, slime_altar_2, serial_bayou_lagoon_b
Shoals:1: layout_shoals, serial_shops, shop
Shoals:2: layout_shoals, uniq_ilsuiw, uniq_nikola, uniq_louise
Shoals:3: layout_shoals, nicolae_shoals_lost_giant_pillars
Shoals:4: shoals_end_grunt_garden, layout_shoals,
          nicolae_shoals_lost_giant_amphitheater
Orc:1:    layout_caves
Orc:2:    kennysheep_orc_mage_school, layout_diamond_mine, uniq_snorg

Skill      XL: |  1  2  3  4  5  6  7  8  9 10 11 12 13 14 15 16 |
---------------+-------------------------------------------------+-----
Spellcasting   | 3 4 5 7 |  7.3
Fighting       | 1 2 3 4 5 6 7 9 10 | 10.9
Summonings     | 4 5 6 7 9 10 11 13 14 15 | 15.3
Short Blades   | 1 2 3 4 |  4.2
Ice Magic      | 1 2 3 |  3.0
Invocations    | 2 4 5 7 8 9 10 12 13 | 13.0
Translocations | 1 3 4 6 8 |  8.7
Hexes          | 1 4 6 |  6.1
Shields        | 3 6 9 11 | 11.4
Polearms       | 3 |  3.2
Dodging        | |  1.5
Stealth        | |  1.5

Action                   |  1- 3 |  4- 6 |  7- 9 | 10-12 | 13-15 | 16-18 || total
-------------------------+-------+-------+-------+-------+-------+-------++-------
Melee: Short sword       |    95 |    98 |   192 |   269 |   457 |    33 ||  1144
       Punch             |       |     1 |     4 |     1 |     5 |       ||    11
       Demon trident     |       |       |       |       |       |    47 ||    47
 Cast: Summon Small Mamm |    11 |     7 |    15 |       |       |       ||    33
       Call Imp          |     5 |    13 |    37 |    51 |    36 |     4 ||   146
       Call Canine Famil |       |     3 |    34 |    43 |    90 |     8 ||   178
       Summon Ice Beast  |       |       |    11 |    69 |   143 |    38 ||   261
       Summon Mana Viper |       |       |       |    47 |   181 |    58 ||   286
       Summon Lightning  |       |       |       |       |     3 |       ||     3
       Monstrous Menager |       |       |       |       |    23 |    45 ||    68
Invok: Grow Ballistomyce |       |       |       |     1 |     3 |       ||     4
       Overgrow          |       |       |       |       |     5 |       ||     5
       Grow Oklob        |       |       |       |       |     1 |       ||     1
Evoke: Wand              |       |       |       |     6 |    34 |     5 ||    45
       Box of beasts     |       |       |       |       |     1 |       ||     1
       Condenser vane    |       |       |       |       |     1 |     1 ||     2
  Use: Scroll            |       |     4 |     7 |     4 |    15 |    12 ||    42
 Stab: Sleeping          |     4 |       |     3 |     1 |     2 |       ||    10
       Distracted        |       |       |     6 |     7 |     8 |     2 ||    23
       Paralysed         |       |       |       |       |       |     2 ||     2
Armor: Robe              |    18 |    25 |    26 |       |       |       ||    69
       Steam dragon scal |       |       |    11 |   156 |   236 |    68 ||   471
Dodge: Dodged            |    72 |    78 |   120 |   270 |   361 |   114 ||  1015
Block: Buckler           |       |       |       |       |   102 |   114 ||   216

Table legend: (Time is in decaauts)
 A = Elapsed time spent in this place.
 B = Non-inter-level travel time spent in this place.
 C = Inter-level travel time spent in this place.
 D = Time resting spent in this place.
 E = Time spent auto-exploring this place.
 F = Levels seen in this place.
 G = Mean time per level.
                   A        B        C        D        E       F      G
               +--------+--------+--------+--------+--------+-----+--------+
         Total |  42130 |  40500 |   1630 |  17453 |  11064 |  29 | 1452.8 |
       Dungeon |  22491 |  21570 |    921 |   9364 |   7060 |  15 | 1499.4 |
        Temple |    370 |    328 |     42 |      0 |    292 |   1 |  370.0 |
          Lair |  12696 |  12112 |    584 |   5699 |   2721 |   6 | 2116.0 |
        Shoals |   2948 |   2946 |      2 |   1492 |     50 |   4 |  737.0 |
  Orcish Mines |   2371 |   2291 |     80 |    639 |    725 |   2 | 1185.5 |
      Gauntlet |   1253 |   1253 |      0 |    258 |    214 |   1 | 1253.0 |
               +--------+--------+--------+--------+--------+-----+--------+

Top non-repeatable levels by time:
  Lair:6: 3596 daAuts
     D:6: 2793 daAuts
  Lair:4: 2675 daAuts
    D:14: 2380 daAuts
    D:13: 2192 daAuts
  Lair:5: 2185 daAuts
    D:15: 1822 daAuts
    D:11: 1817 daAuts
  Lair:3: 1715 daAuts
     D:9: 1597 daAuts
   Orc:2: 1569 daAuts
     D:4: 1531 daAuts
  Lair:2: 1528 daAuts
Shoals:2: 1481 daAuts
     D:1: 1441 daAuts
